 Dungeon Crawl Stone Soup version 0.31-a0-851-g7ff8af7976 (webtiles) character file.

Game seed: 7262890341705636518

67 pokeman the Magician (level 3, -3/20 HPs)
             Began as a Deep Elf Hedge Wizard on Oct 6, 2023.
             Killed by divine providence
             ... invoked by an orc priest
              (10 damage)
             ... on level 3 of the Dungeon.
             The game lasted 00:03:18 (2412 turns).

pokeman the Magician (Deep Elf Hedge Wizard)        Turns: 2412, Time: 00:03:18

Health: -3/20      AC:  2    Str:  7    XL:     3   Next: 98%
Magic:  10/12      EV: 12    Int: 20    God:
Gold:   26         SH:  0    Dex: 14    Spells: 5/13 levels left

rFire   . . .        g - +1 dagger (freeze)
rCold   . . .        (no shield)
rNeg    . . .        b - +0 robe
rPois   .            c - +0 hat
rElec   .            (no cloak)
rCorr   +            (no gloves)
SInv    +            (no boots)
Will    .....        (no amulet)
Stlth   ++           e - ring of see invisible
HPRegen 0.23/turn    a - ring of resist corrosion
MPRegen 0.13/turn

%: no passive effects
@: no status effects
A: no striking features
a: no special abilities


You were on level 3 of the Dungeon.
You visited 1 branch of the dungeon, and saw 3 of its levels.

You collected 86 gold pieces.
You spent 60 gold pieces at shops.

Inventory:

Hand Weapons
 g - a +1 dagger of freezing (weapon)
Armour
 b - a +0 robe (worn)
 c - a +0 hat (worn)
Magical Staves
 m - a staff of earth
Jewellery
 a - a ring of resist corrosion (right hand)
 e - a ring of see invisible (left hand)
Scrolls
 f - a scroll of acquirement {unknown}
 h - 4 scrolls of teleportation {unknown}
 i - 3 scrolls of amnesia {unknown}
 n - a scroll of identify {unknown}
 o - a scroll of enchant armour {unknown}
 p - 2 scrolls of noise {unknown}
 q - a scroll of blinking {unknown}
Potions
 d - a potion of magic
 j - a potion of brilliance {unknown}
 k - 2 potions of enlightenment {unknown}
 l - a potion of attraction {unknown}


   Skills:
 - Level 1.0 Fighting
 - Level 1.0 Armour
 + Level 2.5 Dodging
 + Level 2.4 Stealth
 * Level 5.5 Spellcasting
 + Level 2.0 Conjurations
 - Level 1.1 Summonings
 - Level 1.1 Translocations


You had 5 spell levels left.
You knew the following spells:

 Your Spells              Type           Power      Damage    Failure   Level
a - Magic Dart            Conj           52%        1d5       4%          1
b - Mephitic Cloud        Conj/Pois/Air  8%         N/A       26%         3
c - Call Imp              Summ           18%        N/A       11%         2
d - Blink                 Tloc           18%        N/A       11%         2

Your spell library contained the following spells:

 Spells                   Type           Power      Damage    Failure   Level
 Slow                     Hex            20%        N/A       11%         1
 Cigotuvi's Dreadful Rot  Necr/Pois/Air  10%        N/A       17%         2


Dungeon Overview and Level Annotations

Branches:
Dungeon (3/15)

Altars:
Zin

Shops:
D:1 (   D:2 *


Message History

An orc comes into view. It is wielding a +0 whip.
You see here a giant cockroach corpse.
Casting: Magic Dart (safe; 4% risk of failure)
Confirm with . or Enter, or press ? or * to list all spells.
Aiming: Magic Dart (safe; 4% risk of failure)
Press: ? - help, Shift-Dir - straight line, f - orc
Aim: an orc, wielding a +0 whip (asleep, 100% to hit)
You miscast Magic Dart.
You are very lightly contaminated with residual magic.
Nothing appears to happen.
The orc shouts!
You hear a shout! x2
An orc priest comes into view. It is wielding a +0 dagger.
Casting: Magic Dart (safe; 4% risk of failure)
Confirm with . or Enter, or press ? or * to list all spells.
Aiming: Magic Dart (safe; 4% risk of failure)
Press: ? - help, Shift-Dir - straight line, f/p - orc
Aim: an orc, wielding a +0 whip (100% to hit)
The magic dart hits the orc.
The orc is heavily wounded.
The orc priest invokes the aid of Beogh against you.
Beogh smites you!
Ouch! That really hurt!
* * * LOW HITPOINT WARNING * * *
An orc comes into view. It is wielding a +0 club.
An orc comes into view. It is wielding a +0 short sword.
Casting: Magic Dart (safe; 4% risk of failure)
Confirm with . or Enter, or press ? or * to list all spells.
Aiming: Magic Dart (safe; 4% risk of failure)
Press: ? - help, Shift-Dir - straight line, f/p - orc
Aim: an orc, wielding a +0 whip (heavily wounded, 100% to hit)
The magic dart hits the orc.
You kill the orc!
Unknown command.
Unknown command.
Found a weird jewelled staff and a club.
Your magical contamination has completely faded away.
The orc priest calls down the wrath of Beogh upon you.
Beogh smites you!
Ouch! That really hurt!
You die...

..o...# o....#
#...o# ## #.
#†.#.###... ....
#..#.....#
#....######....#####
#...<.##..#.....|
#.............###
#.....).....@......#
..##........<...##..
. ######......># )
.....#....#
......##..#...
....... ...##.#
...........# ..
#..... ....


You could see an orc priest and an orc.

Vanquished Creatures
  An adder (D:2)
  A worm (D:3)
  3 dart slugs (D:1)
  An orc (D:3)
  7 ball pythons
  6 endoplasms
  A giant cockroach (D:3)
  4 goblins (D:1)
  6 hobgoblins
  2 quokkas (D:2)
  3 frilled lizards
  5 kobolds
  5 rats
45 creatures vanquished.

Notes
Turn   | Place    | Note
-------+----------+-------------------------------------------
     0 | D:1      | pokeman the Deep Elf Hedge Wizard began the quest for the
                  | Orb.
     0 | D:1      | Reached XP level 1. HP: 10/10 MP: 7/7
   259 | D:1      | Reached XP level 2. HP: 15/15 MP: 1/9
   418 | D:1      | Found Zukhast's Weapon Emporium.
   885 | D:1      | Reached skill level 5 in Spellcasting
  1162 | D:1      | Reached XP level 3. HP: 20/20 MP: 8/11
  1166 | D:1      | Learned a level 3 spell: Mephitic Cloud
  1169 | D:1      | Learned a level 2 spell: Call Imp
  1172 | D:1      | Learned a level 2 spell: Blink
  1689 | D:2      | Found a glowing silver altar of Zin.
  1753 | D:2      | Reached skill level 1 in Armour
  1984 | D:2      | Reached skill level 1 in Fighting
  2065 | D:2      | Found Xyvvun's Assorted Antiques.
  2075 | D:2      | Bought a scroll labelled REFUPR SEQAEWOAL for 20 gold
                  | pieces
  2075 | D:2      | Bought a scroll labelled TIOPUS BUUT for 20 gold pieces
  2075 | D:2      | Bought a scroll labelled QYTIKHL DI RAL for 20 gold pieces
  2357 | D:3      | Found a faded altar of an unknown god.
  2412 | D:3      | Killed from afar by an orc priest

Illustrated notes

Levels and vault maps discovered:
D:1:      kennysheep_arrival_forest, layout_basic, serial_shops,
          nicolae_shop_waterfront, minmay_pentomino_q4
D:2:      layout_rooms, serial_shops, nicolae_shop_overgrown_old_shop,
          basic_altar
D:3:      layout_rooms, nemelex_spade_bored_becter,
          mainiacjoe_overflow_chevrons, gammafunk_ghost_smash,
          ebering_ecumenical_altar_box, grunt_ministairs_3, st_stairs_6,
          minmay_goblin_outpost, uniq_robin

Skill      XL: |  1  2  3 |
---------------+----------+-----
Spellcasting   | 5 |  5.5
Armour         | 1 |  1.0
Fighting       | 1 |  1.0
Conjurations   | 2 |  2.0
Dodging        | |  2.5
Stealth        | |  2.4
Summonings     | |  1.1
Translocations | |  1.1

Action                     || total
---------------------------++-------
  Melee: Dagger            ||     5
   Cast: Magic Dart        ||   123
 Armour: Robe              ||    15
  Dodge: Dodged            ||    16

Table legend: (Time is in decaauts)
 A = Elapsed time spent in this place.
 B = Non-inter-level travel time spent in this place.
 C = Inter-level travel time spent in this place.
 D = Time resting spent in this place.
 E = Time spent auto-exploring this place.
 F = Levels seen in this place.
 G = Mean time per level.
                   A        B        C        D        E       F      G
               +--------+--------+--------+--------+--------+-----+--------+
         Total |   2409 |   2338 |     71 |      4 |   2091 |   3 |  803.0 |
       Dungeon |   2409 |   2338 |     71 |      4 |   2091 |   3 |  803.0 |
               +--------+--------+--------+--------+--------+-----+--------+

Top non-repeatable levels by time:
     D:1: 1516 daAuts
     D:2: 714 daAuts
     D:3: 178 daAuts
